PL
PORTLAND EVERGREENS @ CHARLESTON BATTERY
10/20/2037
 
TOP OF THE 1ST
Portland Evergreens batting - Pitching for Charleston Battery : RHP Kyuichi Hori
Pitching: RHP Kyuichi Hori
Batting: SHB Willie McGirt 0-0: Called Strike
0-1: Foul Ball, location: 2F
0-2: Ball
1-2: Strikes out looking
Batting: RHB Jeff Solís 0-0: Fly out, F8 (Flyball, 89D, EV 74.4 MPH)
Batting: RHB Blaze Alexander 0-0: Called Strike
0-1: Ball
1-1: Swinging Strike
1-2: Strikes out looking
Top of the 1st over - 0 runs, 0 hits, 0 errors, 0 left on base; Portland 0 - Charleston 0
BOTTOM OF THE 1ST
Charleston Battery batting - Pitching for Portland Evergreens : LHP Marcos Tejedor
Pitching: LHP Marcos Tejedor
Batting: RHB Mike Case 0-0: Fly out, F8 (Line Drive, 8LD, EV 96.9 MPH)
Batting: LHB Joey Coco 0-0: Ground out 4-3 (Groundball, 4S, EV 77.5 MPH)
Batting: RHB António Martínez 0-0: Ball
1-0: Ball
2-0: Called Strike
2-1: Fly out, F9 (Flyball, 9, EV 93.1 MPH)
Bottom of the 1st over - 0 runs, 0 hits, 0 errors, 0 left on base; Portland 0 - Charleston 0
TOP OF THE 2ND
Portland Evergreens batting - Pitching for Charleston Battery : RHP Kyuichi Hori
Batting: SHB Billy Dotson 0-0: Called Strike
0-1: Ground out 4-3 (Groundball, 4, EV 101.9 MPH)
Batting: LHB John Schaefer 0-0: SOLO HOME RUN (Flyball, 89XD, EV 102.5 MPH), Distance : 413 ft
Batting: RHB Bastiaan Pieterse 0-0: Ball
1-0: Called Strike
1-1: Swinging Strike
1-2: Ball
2-2: DOUBLE (Flyball, 8LXD, EV 95.0 MPH)
Batting: RHB Armando Rodríguez 0-0: Ball
1-0: Ground out 1-3 (Groundball, 13S, EV 62.5 MPH)
Bastiaan Pieterse to third
Batting: RHB Yu-shu Tseng 0-0: Called Strike
0-1: Ball
1-1: Ball
2-1: Ball
3-1: Ground out 5-3 (Groundball, 56, EV 90.0 MPH)
Top of the 2nd over - 1 run, 2 hits, 0 errors, 1 left on base; Portland 1 - Charleston 0
BOTTOM OF THE 2ND
Charleston Battery batting - Pitching for Portland Evergreens : LHP Marcos Tejedor
Batting: RHB Paco Muñóz 0-0: Foul Ball, location: 2F
0-1: Called Strike
0-2: Ball
1-2: Ball
2-2: Ball
3-2: Foul Ball, location: 2F
3-2: Foul Ball, location: 2F
3-2: Foul Ball, location: 2F
3-2: Foul Ball, location: 2F
3-2: Foul Ball, location: 2F
3-2: Reached on error, E5 (Groundball, 5, EV 91.2 MPH)
Batting: SHB Jasper Morrison 0-0: Ball
1-0: Called Strike
1-1: Fly out, F9 (Flyball, 9LDF, EV 78.1 MPH)
Batting: RHB Moriz Ayushiev 0-0: SINGLE (Groundball, 34D, EV 99.4 MPH)
Paco Muñóz to second
Batting: RHB Khal Drogo 0-0: Foul Ball, location: 2F
0-1: Swinging Strike
0-2: Fielders Choice at 2nd, 4-6 (Groundball, 34, EV 110.0 MPH)
Paco Muñóz to third
Batting: LHB Datu Lesaca 0-0: Ball
1-0: Swinging Strike
1-1: Ball
2-1: Foul Ball, location: 2F
2-2: Foul Ball, location: 2F
2-2: Ball
3-2: Foul Ball, location: 2F
3-2: Strikes out looking
Bottom of the 2nd over - 0 runs, 1 hit, 1 error, 2 left on base; Portland 1 - Charleston 0
TOP OF THE 3RD
Portland Evergreens batting - Pitching for Charleston Battery : RHP Kyuichi Hori
Batting: RHB Mei Kim 0-0: Called Strike
0-1: Ball
1-1: Ball
2-1: Swinging Strike
2-2: Ground out 5-3 (Groundball, 56, EV 93.8 MPH)
Batting: SHB Willie McGirt 0-0: Swinging Strike
0-1: Ball
1-1: Fly out, F8 (Line Drive, 8RD, EV 91.9 MPH)
Batting: RHB Jeff Solís 0-0: Fly out, F8 (Line Drive, 8LM, EV 88.8 MPH)
Top of the 3rd over - 0 runs, 0 hits, 0 errors, 0 left on base; Portland 1 - Charleston 0
BOTTOM OF THE 3RD
Charleston Battery batting - Pitching for Portland Evergreens : LHP Marcos Tejedor
Batting: RHB Torajiro Ogawa 0-0: Ball
1-0: Ball
2-0: Ball
3-0: Base on Balls
Batting: RHB Mike Case 0-0: Grounds into double play, 5-4-3 (Groundball, 5, EV 80.0 MPH)
Batting: LHB Joey Coco 0-0: Ball
1-0: Ball
2-0: Ball
3-0: Base on Balls
Batting: RHB António Martínez 0-0: Called Strike
0-1: Foul Ball, location: 2F
0-2: Ball
Joey Coco is caught stealing 2nd base 2-4
Bottom of the 3rd over - 0 runs, 0 hits, 0 errors, 0 left on base; Portland 1 - Charleston 0
TOP OF THE 4TH
Portland Evergreens batting - Pitching for Charleston Battery : RHP Kyuichi Hori
Batting: RHB Blaze Alexander 0-0: Called Strike
0-1: Ball
1-1: Called Strike
1-2: Strikes out swinging
Batting: SHB Billy Dotson 0-0: Ball
1-0: Foul Ball, location: 2F
1-1: Fly out, F8 (Flyball, 8LXD, EV 101.2 MPH)
Batting: LHB John Schaefer 0-0: Ball
1-0: Called Strike
1-1: Foul Ball, location: 2F
1-2: Ball
2-2: Strikes out looking
Top of the 4th over - 0 runs, 0 hits, 0 errors, 0 left on base; Portland 1 - Charleston 0
BOTTOM OF THE 4TH
Charleston Battery batting - Pitching for Portland Evergreens : LHP Marcos Tejedor
Batting: RHB António Martínez 0-0: Ball
1-0: SINGLE (Groundball, 6MD, EV 103.8 MPH)
Batting: RHB Paco Muñóz 0-0: Ball
1-0: Called Strike
1-1: Ball
2-1: Ball
3-1: Called Strike
3-2: Strikes out looking
António Martínez steals 2nd base
Batter strikes out.
Batting: SHB Jasper Morrison 0-0: Ball
1-0: Called Strike
1-1: Ball
2-1: Swinging Strike
2-2: Fly out, F4 (Line Drive, 4, EV 71.2 MPH)
Batting: RHB Moriz Ayushiev 0-0: Ball
1-0: Ball
2-0: Swinging Strike
2-1: Ball
3-1: Fly out, F8 (Flyball, 89D, EV 81.2 MPH)
Bottom of the 4th over - 0 runs, 1 hit, 0 errors, 1 left on base; Portland 1 - Charleston 0
TOP OF THE 5TH
Portland Evergreens batting - Pitching for Charleston Battery : RHP Kyuichi Hori
Batting: RHB Bastiaan Pieterse 0-0: Called Strike
0-1: Called Strike
0-2: Foul Ball, location: 2F
0-2: Ball
1-2: Ball
2-2: Strikes out looking
Batting: RHB Armando Rodríguez 0-0: Called Strike
0-1: SINGLE (Flyball, 89S, EV 90.6 MPH)
Batting: RHB Yu-shu Tseng 0-0: Called Strike
0-1: Fielders Choice at 2nd, 6-4 (Groundball, 6, EV 86.2 MPH)
Batting: RHB Mei Kim 0-0: Ball
1-0: Fielders Choice at 2nd, 5-4 (Groundball, 5L, EV 103.1 MPH)
Top of the 5th over - 0 runs, 1 hit, 0 errors, 1 left on base; Portland 1 - Charleston 0
BOTTOM OF THE 5TH
Charleston Battery batting - Pitching for Portland Evergreens : LHP Marcos Tejedor
Batting: RHB Khal Drogo 0-0: Ball
1-0: Ball
2-0: Ground out U3 (Groundball, 3L, EV 109.4 MPH)
Batting: LHB Datu Lesaca 0-0: Foul Ball, location: 2F
0-1: Foul Ball, location: 2F
0-2: Strikes out swinging
Batting: RHB Torajiro Ogawa 0-0: Fly out, F8 (Flyball, 8RD, EV 90.0 MPH)
Bottom of the 5th over - 0 runs, 0 hits, 0 errors, 0 left on base; Portland 1 - Charleston 0
TOP OF THE 6TH
Portland Evergreens batting - Pitching for Charleston Battery : RHP Kyuichi Hori
Batting: SHB Willie McGirt 0-0: Called Strike
0-1: Ball
1-1: Foul Ball, location: 2F
1-2: Ball
2-2: Ground out 4-3 (Groundball, 4, EV 108.8 MPH)
Batting: RHB Jeff Solís 0-0: Ball
1-0: Foul Ball, location: 2F
1-1: SOLO HOME RUN (Flyball, 7D, EV 112.5 MPH), Distance : 382 ft
Batting: RHB Blaze Alexander 0-0: Ball
1-0: SINGLE (Line Drive, 7S, EV 110.6 MPH)
Batting: SHB Billy Dotson 0-0: Called Strike
0-1: Swinging Strike
0-2: Ball
1-2: Foul Ball, location: 2F
1-2: Foul Ball, location: 2F
1-2: Ball
2-2: Grounds into double play, 4-6-3 (Groundball, 4M, EV 82.5 MPH)
Top of the 6th over - 1 run, 2 hits, 0 errors, 0 left on base; Portland 2 - Charleston 0
BOTTOM OF THE 6TH
Charleston Battery batting - Pitching for Portland Evergreens : LHP Marcos Tejedor
Batting: RHB Mike Case 0-0: Ball
1-0: Foul Ball, location: 2F
1-1: Swinging Strike
1-2: Fly out, F9 (Flyball, 9LM, EV 87.5 MPH)
Pitching: RHP Branlyn Jaraba
Batting: LHB Joey Coco 0-0: Fly out, F8 (Flyball, 8RD, EV 98.8 MPH)
Batting: RHB António Martínez 0-0: Foul Ball, location: 2F
0-1: Swinging Strike
0-2: Ball
1-2: Ground out 6-3 (Groundball, 6, EV 106.2 MPH)
Bottom of the 6th over - 0 runs, 0 hits, 0 errors, 0 left on base; Portland 2 - Charleston 0
TOP OF THE 7TH
Portland Evergreens batting - Pitching for Charleston Battery : RHP Kyuichi Hori
Batting: LHB John Schaefer 0-0: Ball
1-0: Called Strike
1-1: Foul Ball, location: 2F
1-2: Ball
2-2: Fly out, F8 (Line Drive, 8RD, EV 92.5 MPH)
Batting: RHB Bastiaan Pieterse 0-0: Fly out, F3 (Popup, 3L, EV 54.4 MPH)
Batting: RHB Armando Rodríguez 0-0: Called Strike
0-1: Ball
1-1: Swinging Strike
1-2: Foul Ball, location: 2F
1-2: Ball
2-2: Foul Ball, location: 2F
2-2: Strikes out swinging
Top of the 7th over - 0 runs, 0 hits, 0 errors, 0 left on base; Portland 2 - Charleston 0
BOTTOM OF THE 7TH
Charleston Battery batting - Pitching for Portland Evergreens : RHP Branlyn Jaraba
Batting: RHB Paco Muñóz 0-0: Called Strike
0-1: Ball
1-1: Called Strike
1-2: Strikes out swinging
Batting: SHB Jasper Morrison 0-0: Called Strike
0-1: Swinging Strike
0-2: Foul Ball, location: 2F
0-2: Foul Ball, location: 2F
0-2: Fly out, F6 (Flyball, 6MD, EV 88.8 MPH)
Batting: RHB Moriz Ayushiev 0-0: Ground out 6-3 (Groundball, 6, EV 80.6 MPH)
Bottom of the 7th over - 0 runs, 0 hits, 0 errors, 0 left on base; Portland 2 - Charleston 0
TOP OF THE 8TH
Portland Evergreens batting - Pitching for Charleston Battery : RHP Kyuichi Hori
Batting: RHB Yu-shu Tseng 0-0: Ball
1-0: Ball
2-0: Called Strike
2-1: Foul Ball, location: 2F
2-2: Ball
3-2: Base on Balls
Pitching: LHP Paco Salazar
Batting: RHB Mei Kim 0-0: Ball
1-0: Sac Bunt to 25 - play at first, batter OUT! 5-3
Yu-shu Tseng to second
Batting: SHB Willie McGirt 0-0: Called Strike
Yu-shu Tseng steals 3rd base (no throw)
0-1: Ball
1-1: Ball
2-1: Foul Ball, location: 2F
2-2: Ball
3-2: Foul Ball, location: 2F
3-2: Base on Balls
Batting: RHB Jeff Solís 0-0: SINGLE (Groundball, 34, EV 103.8 MPH) (infield hit)
Yu-shu Tseng scores
Willie McGirt to second
Batting: RHB Blaze Alexander 0-0: Foul Ball, location: 2F
0-1: Swinging Strike
0-2: Foul Ball, location: 2F
0-2: Strikes out looking
Batting: SHB Billy Dotson 0-0: Ball
1-0: Foul Ball, location: 2F
1-1: Ball
2-1: Ball
3-1: Base on Balls
Willie McGirt to third
Jeff Solís to second
Batting: LHB John Schaefer 0-0: Ball
1-0: Swinging Strike
1-1: Foul Ball, location: 2F
1-2: Strikes out looking
Top of the 8th over - 1 run, 1 hit, 0 errors, 3 left on base; Portland 3 - Charleston 0
BOTTOM OF THE 8TH
Charleston Battery batting - Pitching for Portland Evergreens : RHP Branlyn Jaraba
Pitching: LHP Raúl Romero
Now at 2B: Henk van Aardschot
Batting: RHB Khal Drogo 0-0: Foul Ball, location: 2F
0-1: Swinging Strike
0-2: Ball
1-2: Ball
2-2: Foul Ball, location: 2F
2-2: Strikes out swinging
Batting: LHB Datu Lesaca 0-0: Foul Ball, location: 2F
0-1: Ball
1-1: Fly out, F8 (Line Drive, 8RM, EV 110.0 MPH)
Batting: RHB Torajiro Ogawa 0-0: Swinging Strike
0-1: Ball
1-1: Ball
2-1: Called Strike
2-2: Strikes out swinging
Bottom of the 8th over - 0 runs, 0 hits, 0 errors, 0 left on base; Portland 3 - Charleston 0
TOP OF THE 9TH
Portland Evergreens batting - Pitching for Charleston Battery : LHP Paco Salazar
Batting: RHB Bastiaan Pieterse 0-0: Called Strike
0-1: Foul Ball, location: 2F
0-2: Ball
1-2: Strikes out swinging
Pitching: RHP Turner Shamburger
Batting: RHB Armando Rodríguez 0-0: Foul Ball, location: 2F
0-1: Ball
1-1: Foul Ball, location: 2F
1-2: Foul Ball, location: 2F
1-2: Ball
2-2: Single, Error in OF, E7, batter to second base (Groundball, 56D, EV 98.1 MPH)
Batting: RHB Yu-shu Tseng 0-0: Intentional Walk
Batting: RHB Mei Kim 0-0: Called Strike
0-1: Called Strike
0-2: Ball
1-2: Fly out, F9 (Line Drive, 9, EV 83.8 MPH)
Batting: SHB Willie McGirt 0-0: Ground out 4-3 (Groundball, 4, EV 106.9 MPH)
Top of the 9th over - 0 runs, 1 hit, 1 error, 2 left on base; Portland 3 - Charleston 0
BOTTOM OF THE 9TH
Charleston Battery batting - Pitching for Portland Evergreens : LHP Raúl Romero
Batting: RHB Mike Case 0-0: Ground out 6-3 (Groundball, 6, EV 77.5 MPH)
Batting: LHB Joey Coco 0-0: SINGLE (Groundball, 4D, EV 106.2 MPH)
Batting: RHB António Martínez 0-0: Called Strike
0-1: Swinging Strike
0-2: Strikes out swinging
Batting: RHB Paco Muñóz 0-0: Foul Ball, location: 2F
0-1: Ball
1-1: Called Strike
1-2: Ball
2-2: Ball
3-2: Fly out, F8 (Flyball, 8LM, EV 80.0 MPH)
Bottom of the 9th over - 0 runs, 1 hit, 0 errors, 1 left on base; Portland 3 - Charleston 0
Thursday, January 23rd, 2020 - OOTP Baseball 20.8 Build 74